Map: Waterfall

Players

Bunny

  • Race: Terran Terran
  • League: Silver
  • Spawn Location: 7:00

GuMiho - Winner!

  • Race: Terran Terran
  • League: Master
  • Spawn Location: 1:00

VOD

Have the link to the VOD?

Description

Time

  • Played on: Nov. 3, 2022, 7:01 a.m.
  • Length: 12:07
Show
View Real Time Build Order
Export as new Build Order

Bunny Terran 

Build Orders:  

Get SALT Encoding   

  12  0:00  SCV  
  13  0:12  SCV  
  14  0:16  Supply Depot  
  14  0:24  SCV  
  15  0:38  SCV  
  15  0:39  Barracks  
  15  0:42  Refinery  
  16  0:50  SCV  
  16  0:52  Refinery  
  17  1:02  SCV  
  18  1:14  SCV  
  19  1:26  Reaper, Orbital Command  
  19  1:28  Supply Depot  
  20  1:39  Factory  
  20  1:52  SCV  
  21  1:58  Reaper  
  22  2:04  SCV  
  23  2:12  Supply Depot  
  23  2:16  SCV  
  24  2:23  Hellion  
  24  2:28  SCV  
  26  2:30  Marine  
  27  2:40  SCV  
  27  2:45  Hellion  
  27  2:49  Marine  
  26  2:53  SCV  
  26  3:06  SCV, Hellion  
  26  3:07  Marine  
  30  3:15  Command Center  
  31  3:20  SCV  
  31  3:24  Supply Depot  
  31  3:25  Marine  
  32  3:28  Factory Tech Lab  
  32  3:32  SCV  
  33  3:41  Starport  
  33  3:46  Cyclone  
  36  3:49  SCV  
  36  3:52  Barracks Reactor  
  37  4:02  SCV  
  36  4:14  SCV  
  37  4:17  Medivac  
  37  4:18  Siege Tank  
  42  4:26  SCV  
  42  4:30  Marine x2  
  45  4:34  Refinery  
  45  4:38  SCV  
  46  4:50  SCV  
  46  4:52  Siege Tank  
  52  4:57  Orbital Command  
  52  4:59  Supply Depot  
  50  5:00  Viking  
  50  5:06  Viking  
  54  5:10  SCV  
  55  5:14  Marine  
  54  5:29  Liberator  
  54  5:32  SCV  
  54  5:33  SCV  
  57  5:36  Viking  
  59  5:46  Supply Depot  
  59  5:48  Siege Tank, Marine  
  63  5:54  SCV x2  
  65  6:05  Viking  
  65  6:06  SCV x2  
  65  6:08  Supply Depot  
  69  6:12  Viking  
  69  6:15  Marine  
  72  6:23  SCV x2  
  72  6:24  Siege Tank  
  65  6:35  Viking  
  65  6:39  Orbital Command  
  54  6:50  Marine  
  55  6:54  Supply Depot, Engineering Bay  
  52  7:02  Orbital Command  
  50  7:10  Viking x2  
  50  7:13  Marine  
  55  7:15  SCV  
  56  7:35  Siege Tank  
  59  7:39  SCV x2  
  59  7:40  Missile Turret  
  61  7:48  Missile Turret  
  61  7:53  Liberator  
  61  8:10  Viking  
  63  8:14  SCV x2  
  63  8:18  Marine  
  66  8:32  Siege Tank  
  66  8:34  SCV x2  
  70  8:36  Marine  
  55  8:48  Viking  
  54  9:00  Viking  
  54  9:02  Marine  
  57  9:07  SCV x2  
  59  9:10  Refinery  
  59  9:27  Siege Tank  
  62  9:32  Marine  
  63  9:40  Viking  
  57  9:53  Marine  
  57  9:56  Viking  
  59  10:03  SCV  
  59  10:04  SCV  
  61  10:13  Siege Tank  
  64  10:16  Marine  
  65  10:26  Viking, SCV x2  
  69  10:33  Viking  
  69  10:34  Marine  
  61  10:38  SCV x2  
  59  10:47  Refinery  
  59  10:49  Siege Tank  
  62  10:54  Marine  
  61  11:00  Viking  
  61  11:01  SCV  
  64  11:08  Viking  
  66  11:13  Marine  
  66  11:27  Siege Tank  
  66  11:30  Viking  
  71  11:35  Marine  
Show
View Real Time Build Order
Export as new Build Order

GuMiho Terran - Winner!

Build Orders:  

Get SALT Encoding   

  12  0:00  SCV  
  13  0:12  SCV  
  14  0:17  Supply Depot  
  14  0:24  SCV  
  15  0:38  Barracks  
  15  0:42  Refinery  
  15  0:55  Barracks  
  15  1:00  SCV  
  16  1:12  SCV  
  16  1:14  Refinery  
  17  1:24  SCV  
  18  1:26  Reaper  
  19  1:36  Orbital Command  
  19  1:42  Reaper  
  20  1:58  Reaper  
  21  2:01  SCV  
  22  2:14  Supply Depot  
  23  2:18  Reaper, Factory  
  23  2:36  SCV  
  24  2:48  SCV, Reaper  
  24  2:53  Reaper  
  25  3:00  SCV  
  25  3:02  Supply Depot, Factory Tech Lab  
  26  3:11  Starport  
  26  3:12  SCV  
  27  3:21  Cyclone  
  27  3:24  SCV  
  31  3:37  Command Center  
  31  3:40  SCV  
  32  3:48  Starport Tech Lab  
  32  3:52  SCV  
  36  3:55  Cyclone  
  36  4:04  SCV  
  36  4:09  Banshee  
  39  4:22  Supply Depot  
  39  4:23  Cloaking Field  
  39  4:24  Refinery  
  39  4:26  Refinery  
  39  4:37  Barracks Reactor  
  39  4:44  SCV  
  40  4:50  Orbital Command  
  40  4:54  Banshee  
  40  4:56  SCV  
  44  5:03  Siege Tank  
  47  5:08  SCV  
  48  5:15  SCV  
  48  5:20  SCV  
  49  5:28  SCV  
  49  5:32  SCV  
  49  5:35  Siege Tank  
  53  5:40  SCV  
  57  5:45  SCV  
  55  5:50  Supply Depot, Stimpack  
  55  5:52  SCV, Viking x2  
  55  5:57  SCV  
  60  6:03  Supply Depot  
  61  6:04  SCV  
  61  6:09  SCV  
  61  6:11  Supply Depot  
  62  6:12  Siege Tank  
  63  6:21  SCV  
  63  6:23  Viking x2  
  68  6:33  SCV  
  68  6:45  SCV  
  69  6:53  Viking  
  70  6:55  Viking  
  70  6:57  SCV  
  73  7:05  Orbital Command  
  71  7:09  SCV  
  71  7:11  Siege Tank  
  75  7:26  Barracks Reactor, Supply Depot x2  
  75  7:27  SCV  
  69  7:39  SCV x2  
  69  7:43  Siege Tank  
  75  7:45  Viking  
  76  7:51  Viking, SCV  
  76  7:54  SCV  
  80  8:03  SCV  
  80  8:04  Marine x3  
  77  8:06  SCV  
  77  8:12  Supply Depot  
  75  8:14  Supply Depot  
  75  8:15  SCV  
  76  8:22  Marine x3  
  76  8:26  Cyclone  
  77  8:28  SCV  
  77  8:29  SCV  
  79  8:40  Marine x3  
  79  8:41  SCV x2  
  71  8:53  SCV x2  
  63  8:57  Marine  
  63  8:58  Barracks, Marine x2  
  63  9:01  Barracks x2, Siege Tank  
  69  9:08  Engineering Bay, Starport Reactor  
  69  9:09  SCV x2  
  71  9:15  Marine x3  
  71  9:33  Siege Tank, Marine x3  
  76  9:42  SCV x2  
  78  9:51  Marine x3  
  58  9:58  Viking x2  
  58  9:59  Marine x2  
  60  10:05  Marine  
  63  10:07  Cyclone  
  63  10:09  Marine x3  
  63  10:10  SCV  
  63  10:11  SCV  
  63  10:13  Terran Infantry Weapons Level 1  
  68  10:17  Marine x2  
  67  10:23  Marine  
  67  10:26  Marine  
  67  10:27  Marine x2  
  53  10:35  Marine  
  55  10:39  Medivac x2  
  55  10:40  Marine  
  55  10:41  Siege Tank  
  55  10:42  SCV x2  
  65  10:44  Marine x2  
  65  10:45  Marine  
  65  10:46  Barracks Tech Lab  
  66  11:01  Marine x2  
  68  11:08  SCV  
  72  11:18  Siege Tank  
  72  11:32  Marine x4  
  73  11:36  Marine x2  
Tags
 
Add a new tag
Caveats
  • Supply blocks, unpowered buildings, or Contaminate may cause inaccurate times.
  • Supply counts are checked every 10 seconds.